 Dungeon Crawl Stone Soup version 0.22.1-2-g9c5b331383 (webtiles) character file.

1621 Peloso the Carver (level 8, 0/70 HPs)
             Began as a Minotaur Fighter on Jan 5, 2019.
             Slain by Dowan
             ... wielding a +1 dagger of draining
              (1 damage)
             ... on level 6 of the Dungeon.
             The game lasted 00:08:21 (5652 turns).

Peloso the Carver (Minotaur Fighter)                Turns: 5652, Time: 00:08:21

Health: 0/70       AC: 13    Str: 21    XL:     8   Next: 64%
Magic:  7/7        EV:  2    Int:  5    God:
Gold:   220        SH: 10    Dex: 12    Spells: 7/7 levels left

rFire    . . .     SeeInvis .   a - +2 long sword (holy)
rCold    . . .     Gourm    .   c - +0 shield
rNeg     . . .     Faith    .   k - +0 plate armour
rPois    .         Spirit   .   (helmet restricted)
rElec    .         Reflect  .   s - scarf {repulsion}
rCorr    .         Harm     .   q - +0 pair of gloves
MR       .....                  r - +0 pair of boots
Stlth    ..........             (no amulet)
HPRegen  0.21/turn              D - -2 ring of evasion (curse)
MPRegen  0.10/turn              (no ring)

@: very heavily drained, repel missiles
A: retaliatory headbutt, horns 2
a: no special abilities


You were on level 6 of the Dungeon.
You were not hungry.

You visited 1 branch of the dungeon, and saw 6 of its levels.

You collected 369 gold pieces.
You spent 149 gold pieces at shops.

Inventory:

Hand Weapons
 a - a +2 long sword of holy wrath (weapon)
Armour
 b - a +0 scale mail
 c - a +0 shield (worn)
 k - a +0 plate armour (worn)
 q - a +0 pair of gloves (worn)
 r - a +0 pair of boots (worn)
 s - a scarf of repulsion (worn)
Jewellery
 D - a cursed -2 ring of evasion (left hand)
Wands
 t - a wand of iceblast (13)
 w - a wand of digging (16)
Scrolls
 e - 2 scrolls of teleportation
 h - a scroll of blinking
 j - a scroll of fog
 l - 6 scrolls of remove curse
 m - 3 scrolls of amnesia {unknown}
 n - 5 scrolls of identify {unknown}
 o - a scroll of magic mapping {unknown}
 u - a scroll of enchant armour {unknown}
 y - a scroll of enchant weapon {unknown}
 A - a scroll of noise {unknown}
 C - a scroll of fear {unknown}
Potions
 d - 2 potions of might
 g - a potion of agility {unknown}
 i - 4 potions of heal wounds {unknown}
 p - 3 potions of ambrosia {unknown}
 v - 3 potions of lignification {unknown}
 x - 2 potions of curing
 z - a potion of invisibility {unknown}
 B - a potion of haste {unknown}
 E - 2 potions of degeneration {unknown}
Comestibles
 f - 8 rations


   Skills:
 + Level 5.9(2.6) Fighting
 + Level 8.3(4.7) Long Blades
 + Level 7.1(3.6) Armour
 + Level 0.7(0.0) Dodging
 + Level 7.9(4.4) Shields


You had 7 spell levels left.
You didn't know any spells.
Your spell library was empty.

Dungeon Overview and Level Annotations

Branches:
Dungeon (6/15)
 Temple: D:4-7

Altars:
Cheibriados
Makhleb
Sif Muna

Shops:
D:4 (

Annotations:
D:6 Dowan


Innate Abilities, Weirdness & Mutations

You reflexively headbutt those who attack you in melee.
You have a pair of horns on your head.


Message History

You hit Dowan but do no damage. Your headbutt misses Dowan.
Dowan is almost dead.
Dowan hits you with a dagger of draining.
You feel drained.
Dowan points at you and mumbles some strange words.
The shard of ice hits you!
* * * LOW HITPOINT WARNING * * *
Your plate armour prevents you from hitting Dowan.
Dowan is almost dead.
You block Dowan's attack.
You closely miss Dowan.
Dowan is almost dead.
Dowan hits you but does no damage.
You feel drained. Dowan hits you but does no damage.
You feel drained.
You barely miss Dowan.
Dowan is almost dead.
Dowan hits you with a dagger of draining.
* * * LOW HITPOINT WARNING * * *
You feel drained.
You die...

.........##......# #.....
.................# #.....
.................#########.....
..............................#
.................##########...#
.................'....... #...#
e########.)......##########...#
#............e..'.....>......#
#.#########..@..##########...#
#............. #####
#.....#######. #.#...........
##############.#.##########
...............#.#
################.# ###### #.#
.....# #.#


You could see Dowan.

Vanquished Creatures
  Grinder (D:4)
  Eustachio (D:4)
  Menkaure (D:4)
  Duvessa (D:6)
  An ice beast (D:6)
  2 ogres
  A centaur (D:5)
  A bullfrog (D:6)
  A water moccasin zombie (D:6)
  A centaur zombie (D:5)
  2 orc priests
  A hound (D:4)
  3 orc wizards
  2 bullfrog skeletons
  Jessica (D:6)
  2 iguanas
  Ijyb (D:4)
  2 worker ants
  Robin (D:3)
  7 gnolls
  A shadow imp (D:6)
  An adder skeleton (D:4)
  4 worms (D:2)
  4 dart slugs (D:2)
  3 leopard geckos
  12 orcs
  10 bats
  5 giant cockroaches
  15 goblins
  5 hobgoblins
  10 jackals
  7 kobolds
  A quokka (D:2)
  4 frilled lizards
  A quokka skeleton (D:4)
  5 rats
121 creatures vanquished.

Notes
Turn   | Place    | Note
-------+----------+-------------------------------------------
     0 | D:1      | Peloso the Minotaur Fighter began the quest for the Orb.
     0 | D:1      | Reached XP level 1. HP: 19/19 MP: 0/0
   281 | D:1      | Reached XP level 2. HP: 27/27 MP: 1/1
   689 | D:2      | Reached skill level 3 in Long Blades
   981 | D:2      | Reached XP level 3. HP: 33/33 MP: 2/2
  1401 | D:2      | Found a snail-covered altar of Cheibriados.
  1910 | D:3      | Noticed Robin
  1926 | D:3      | Reached XP level 4. HP: 34/40 MP: 3/3
  1945 | D:3      | Killed Robin
  2698 | D:4      | Found Duboplea's Antique Weapon Emporium.
  2715 | D:4      | Bought a runed long sword for 149 gold pieces
  2798 | D:4      | Noticed Grinder
  2822 | D:4      | Reached XP level 5. HP: 37/46 MP: 4/4
  2830 | D:4      | Killed Grinder
  2830 | D:4      | Reached skill level 5 in Long Blades
  2830 | D:4      | Reached skill level 5 in Armour
  2830 | D:4      | Reached skill level 5 in Shields
  2830 | D:4      | Reached XP level 6. HP: 45/53 MP: 5/5
  2974 | D:4      | Noticed Ijyb
  2982 | D:4      | Killed Ijyb
  3013 | D:4      | Found a burning altar of Makhleb.
  3057 | D:4      | Noticed Eustachio
  3065 | D:4      | Killed Eustachio
  3065 | D:4      | Reached XP level 7. HP: 60/60 MP: 6/6
  3177 | D:4      | Reached skill level 5 in Fighting
  3177 | D:4      | Reached skill level 6 in Long Blades
  3402 | D:4      | Noticed Menkaure
  3409 | D:4      | Killed Menkaure
  3682 | D:5      | Entered Level 5 of the Dungeon
  3820 | D:5      | Reached skill level 7 in Long Blades
  4180 | D:5      | Reached XP level 8. HP: 67/69 MP: 7/7
  4866 | D:6      | Noticed Jessica
  4886 | D:6      | Killed Jessica
  5200 | D:6      | Found a deep blue altar of Sif Muna.
  5265 | D:6      | Reached skill level 8 in Long Blades
  5609 | D:6      | Noticed Dowan
  5609 | D:6      | Noticed Duvessa
  5639 | D:6      | Killed Duvessa
  5652 | D:6      | HP: 1/70 [Dowan/dagger of draining (4)]
  5652 | D:6      | Slain by Dowan

Skill      XL: |  1  2  3  4  5  6  7  8 |
---------------+-------------------------+-----
Fighting       | 4 5 |  5.9
Armour         | 4 5 6 7 |  7.1
Shields        | 4 5 6 7 |  7.9
Long Blades    | 3 5 7 8 |  8.3
Dodging        | |  0.7

Action                   |  1- 3 |  4- 6 |  7- 9 || total
-------------------------+-------+-------+-------++-------
Melee: Long sword        |   116 |   118 |   137 ||   371
       Headbutt          |    15 |    14 |    27 ||    56
  Use: Scroll            |       |     4 |       ||     4
  Eat: Chunk             |     3 |     4 |     8 ||    15
Armor: Scale mail        |    20 |       |       ||    20
       Plate armour      |    53 |    92 |    62 ||   207
Dodge: Dodged            |    30 |    25 |    14 ||    69
       Deflected         |       |       |     3 ||     3
Block: Shield            |    74 |    92 |    58 ||   224
       Rpst.: Long sword |     6 |     4 |     4 ||    14
